 Dungeon Crawl Stone Soup version 0.18.1-6-gd335043 (webtiles) character file.

220 Gargoyl the Skirmisher (level 5, -1/42 HPs)
             Began as a Demonspawn Abyssal Knight on May 17, 2016.
             Was a Priest of Lugonu.
             Slain by a sky beast (2 damage)
             ... on level 5 of the Dungeon.
             The game lasted 00:06:17 (4302 turns).

Gargoyl the Skirmisher (Demonspawn Abyssal Knight)  Turns: 4302, Time: 00:06:18

Health: -1/42      AC: 10    Str: 13    XL:     5   Next: 64%
Magic:  16/16      EV:  6    Int: 13    God:    Lugonu [***...]
Gold:   231        SH:  0    Dex: 13    Spells: 0 memorised, 4 levels left

rFire  + . .     SeeInvis .     a - +1 hand axe
rCold  . . .     Gourm    .     u - +0 chain mail
rNeg   . . .     Faith    .     (no shield)
rPois  .         Spirit   .     (no helmet)
rElec  .         Dismiss  .     (no cloak)
rCorr  .         Reflect  .     f - +0 pair of gloves
SustAt .         Harm     .     (no boots)
MR     .....                    (no amulet)
Stlth  ..........               p - ring of protection from fire
                                o - ring of magical power

@: not resistant to hostile enchantments, extremely unstealthy
A: hooves 1, nightstalker 1
a: Depart the Abyss, Bend Space, Banish, Renounce Religion


You were on level 5 of the Dungeon.
You worshipped Lugonu.
Lugonu was most pleased with you.
You were hungry.

You visited 1 branch of the dungeon, and saw 5 of its levels.
You visited the Abyss 1 time.

You collected 231 gold pieces.

Inventory:

Hand Weapons
 a - a +1 hand axe (weapon)
Missiles
 b - 8 tomahawks of returning (quivered)
 x - 5 tomahawks
Armour
 f - a +0 pair of gloves (worn)
 u - a +0 chain mail (worn)
Jewellery
 o - a ring of magical power (left hand)
 p - a ring of protection from fire (right hand)
Scrolls
 g - 2 scrolls of noise {unknown}
 h - 2 scrolls of identify {unknown}
 j - a scroll of recharging {unknown}
 m - 2 scrolls of teleportation {unknown}
 q - a scroll of magic mapping {unknown}
 s - 4 scrolls of amnesia {unknown}
 t - 2 scrolls of enchant armour {unknown}
 v - 3 scrolls of remove curse {unknown}
 y - a scroll of enchant weapon {unknown}
Potions
 e - a potion of cancellation {unknown}
 k - a potion of might {unknown}
 r - a potion of ambrosia {unknown}
 w - a potion of haste {unknown}
Comestibles
 c - 7 bread rations
 d - 2 fruits
 i - 3 chunks of flesh
 l - a beef jerky
 n - 4 meat rations


   Skills:
 + Level 3.8 Fighting
 + Level 2.9 Axes
 * Level 3.6 Armour
 + Level 2.0 Dodging
 + Level 2.8 Invocations


You had 4 spell levels left.
You didn't know any spells.

Dungeon Overview and Level Annotations

Branches:
Dungeon (5/15)
 Temple: D:4-7

Altars:

Annotations:
D:4 tschems's ghost, novice HEFi


Innate Abilities, Weirdness & Mutations

You have large cloven feet.
You are slightly more attuned to the shadows.


Message History

The sky beast hits you. The sky beast shocks you.
You closely miss the sky beast.
The sky beast is severely wounded.
The sky beast hits you but does no damage.
You hit the sky beast.
The sky beast is severely wounded.
The sky beast flickers out of sight!
Deactivating autopickup; reactivate with Ctrl-A.
Something hits you. Something shocks you.
You hit something. You kick something.
Something hits you but does no damage. x2
You miss something. Something hits you but does no damage.
You closely miss something. Something hits you. Something shocks you.
* * * LOW HITPOINT WARNING * * *
Your chain mail prevents you from hitting something.
Your kick misses something. Something hits you.
* * * LOW HITPOINT WARNING * * *
Something shocks you.
* * * LOW HITPOINT WARNING * * *
You miss something. Your kick misses something. Something hits you.
You die...

..#
...##
...#
#..#
..#
##.#
#.@#
#{.#
#..#
##.#
#..
##. #


There were no monsters in sight!

Vanquished Creatures
  An iguana (D:3)
  Natasha (D:2)
  An orc wizard (D:3)
  2 adders (D:2)
  2 worms (D:2)
  3 dart slugs
  A giant gecko (D:1)
  14 orcs
  2 ball pythons
  5 bats
  A giant cockroach (D:2)
  14 goblins
  6 hobgoblins
  11 jackals (D:1)
  2 quokkas
  4 giant newts
  12 kobolds
  14 rats
96 creatures vanquished.

Vanquished Creatures (others)
  A kobold (D:1)
1 creature vanquished.

Grand Total: 97 creatures vanquished

Notes
Turn   | Place    | Note
--------------------------------------------------------------
     0 | Abyss:1  | Gargoyl the Demonspawn Abyssal Knight began the quest for the Orb.
     0 | Abyss:1  | Reached XP level 1. HP: 18/18 MP: 2/2
    71 | Abyss:4  | Found a corrupted altar of Lugonu.
    74 | Abyss:5  | Entered Level 5 of the Abyss
    98 | Abyss:5  | Noticed a cacodemon
   112 | Abyss:5  | Noticed a neqoxec
   113 | Abyss:5  | Noticed an ancient lich
   114 | D:1      | Escaped the Abyss
   126 | D:1      | Reached skill level 1 in Dodging
   298 | D:1      | Gained mutation: You have large cloven feet. [demonic ancestry]
   298 | D:1      | Reached XP level 2. HP: 24/24 MP: 3/3
   302 | D:1      | You fall through a shaft!
   342 | D:2      | Reached * piety under Lugonu
   644 | D:1      | Gained mutation: You are slightly more attuned to the shadows. [demonic ancestry]
   644 | D:1      | Reached XP level 3. HP: 16/29 MP: 5/5
  1182 | D:1      | Reached ** piety under Lugonu
  1663 | D:2      | Reached XP level 4. HP: 24/36 MP: 6/6
  1913 | D:2      | Noticed Natasha
  1926 | D:2      | Killed Natasha
  2626 | D:3      | Reached XP level 5. HP: 24/42 MP: 7/7
  2628 | D:3      | Reached *** piety under Lugonu
  3691 | D:4      | Noticed tschems's ghost (novice HEFi)
  4274 | D:4      | Noticed an ogre
  4284 | D:5      | Entered Level 5 of the Dungeon
  4284 | D:5      | Noticed a sky beast
  4301 | D:5      | HP: 1/42 [something (6)]
  4302 | D:5      | Slain by a sky beast

Skill      XL: |  1  2  3  4 |
---------------+-------------+-----
Armour         | 2 3 |  3.6
Dodging        | 1 2 |  2.0
Axes           | 2 |  2.9
Fighting       | |  3.8
Invocations    | |  2.8

Action                   |  1- 3 |  4- 6 || total
-------------------------+-------+-------++-------
Melee: Hand axe          |   148 |   221 ||   369
       Kick              |    22 |    45 ||    67
Invok: Depart the Abyss  |     1 |       ||     1
  Use: Potion            |       |     3 ||     3
  Eat: Chunk             |     3 |     8 ||    11
Armor: Ring mail         |    72 |       ||    72
       Chain mail        |    36 |   126 ||   162
Dodge: Dodged            |    98 |    49 ||   147
